 Dungeon Crawl Stone Soup version 0.30-a0-576-g89cddaab80 (webtiles) character file.

Game seed: 4701494543785956418

40058 Newt the Grand Scion (level 13, -1/93 HPs)
             Began as a Demonspawn Gladiator on Dec 30, 2022.
             Was a High Priest of Hepliaklqana.
             Succumbed to a swamp dragon's blast of poison
             ... on level 5 of the Lair of Beasts.
             The game lasted 00:22:00 (13426 turns).

Newt the Grand Scion (Demonspawn Gladiator)        Turns: 13426, Time: 00:22:01

Health: -1/93      AC: 18    Str: 14    XL:     13   Next: 72%
Magic:  24/24      EV: 15    Int: 15    God:    Hepliaklqana [*****.]
Gold:   749        SH:  0    Dex: 21    Spells: 15/20 levels left

rFire   + + .      SeeInvis .    i - +5 arbalest (drain)
rCold   x . .      Faith    .    (shield currently unavailable)
rNeg    . . .      Spirit   .    l - +0 fire dragon scales
rPois   .          Reflect  .    (helmet unavailable)
rElec   .          Harm     .    R - +2 cloak {Will+}
rCorr   .          Rampage  .    (no gloves)
Will    +....                    (no boots)
Stlth   +                        z - amulet of the acrobat
HPRegen 0.35/turn                m - +6 ring of intelligence
MPRegen 0.19/turn                H - +4 ring of protection

@: lethally poisoned (-1 -> -47), very slow
A: reduced essence, horns 3, repulsion field 1, ignite blood 1, spiny 2,
bedeviling, robust 1, noise suppression
a: Renounce Religion, Recall Ancestor, Ancestor Identity, Transference, Idealise


You were on level 5 of the Lair of Beasts.
You worshipped Hepliaklqana.
Hepliaklqana was extremely pleased with you.
You visited 3 branches of the dungeon, and saw 16 of its levels.
You also visited: Sewer.

You collected 1079 gold pieces.
You spent 330 gold pieces at shops.

Inventory:

Hand Weapons
 i - a +5 arbalest of draining (weapon)
Missiles
 d - 5 throwing nets
 K - 3 silver javelins
Armour
 b - a +0 leather armour
 l - +0 fire dragon scales (worn)
 N - a +1 ring mail of cold resistance
 R - a +2 cloak of willpower (worn)
Jewellery
 m - a +6 ring of intelligence (left hand)
 x - a ring of ice
 z - an amulet of the acrobat (around neck)
 G - a ring of see invisible
 H - a +4 ring of protection (right hand)
 P - an amulet of faith
 S - a ring of flight
Wands
 a - a wand of polymorph (1)
 r - a wand of flame (55)
 v - a wand of iceblast (26)
 T - a wand of charming (7)
 W - a wand of digging (11)
 X - a wand of acid (6)
Scrolls
 c - 2 scrolls of enchant armour
 e - a scroll of identify
 f - 5 scrolls of fog
 h - 2 scrolls of noise
 j - a scroll of immolation
 p - 2 scrolls of magic mapping
 w - 2 scrolls of fear
 y - 2 scrolls of butterflies
 B - 4 scrolls of blinking
 F - 8 scrolls of teleportation
 I - a scroll of brand weapon
 U - 2 scrolls of amnesia
Potions
 g - a potion of haste
 k - a potion of might
 o - 3 potions of flight
 s - 2 potions of mutation
 t - 8 potions of curing
 D - 5 potions of brilliance
 E - 12 potions of ambrosia
 J - a potion of cancellation
 M - 4 potions of heal wounds
 O - a potion of magic
 Y - 2 potions of degeneration
 Z - a potion of resistance
Miscellaneous
 C - a tin of tremorstones (2/2)


   Skills:
 - Level 6.0 Fighting
 - Level 2.6 Short Blades
 + Level 10.2 Ranged Weapons
 - Level 1.7 Throwing
 - Level 8.0 Armour
 - Level 8.0 Dodging
 - Level 4.0 Stealth
 - Level 4.0 Spellcasting
 - Level 6.0 Hexes
 - Level 4.0 Transmutations
 - Level 6.0 Fire Magic
 - Level 15.0 Invocations
 - Level 4.0 Evocations


You had 15 spell levels left.
You knew the following spells:

 Your Spells              Type           Power      Damage    Failure   Level
a - Wereblood             Tmut           15%        N/A       24%         2
b - Inner Flame           Hex/Fire       31%        N/A       21%         3

Your spell library contained the following spells:

 Spells                   Type           Power      Damage    Failure   Level
 Ensorcelled Hibernation  Hex/Ice        36%        N/A       34%         2
 Passwall                 Tmut/Erth      7%         N/A       47%         2
 Apportation              Tloc           6%         N/A       63%         1
 Necrotise                Necr           12%        1d4       63%         1
 Sandblast                Erth           6%         2d5       63%         1
 Shock                    Conj/Air       12%        1d3       63%         1
 Summon Small Mammal      Summ           12%        N/A       63%         1
 Cigotuvi's Dreadful Rot  Necr/Pois/Air  6%         N/A       77%         2
 Static Discharge         Conj/Air       6%         2-3/arc   77%         2
 Sublimation of Blood     Necr           3%         N/A       77%         2
 Flame Wave               Conj/Fire      12%        2d6       93%         4
 Sticky Flame             Conj/Fire      12%        2d4       93%         4
 Stone Arrow              Conj/Erth      6%         3d7       94%         3
 Swiftness                Air            3%         N/A       94%         3
 Vhi's Electric Charge    Tloc/Air       6%         N/A       94%         3
 Petrify                  Tmut/Erth      9%         N/A       98%         4
 Airstrike                Air            1%         2d(1-17)  100%        4
 Dispel Undead            Necr           3%         3d7       100%        4
 Arcjolt                  Conj/Air       1%         1d11      100%        5
 Irradiate                Conj/Tmut      4%         3d13      100%        5
 Lightning Bolt           Conj/Air       1%         1d12      100%        5
 Death Channel            Necr           1%         N/A       100%        6
 Summon Hydra             Summ           1%         N/A       100%        7


Dungeon Overview and Level Annotations

Branches:
Dungeon (10/15)            Temple (1/1) D:6            Lair (5/5) D:10
  Swamp (0/4) Lair:3       Spider (0/4) Lair:3        Slime (0/5) Lair:4
    Orc (0/2) D:10          Sewer (visited)

Altars:
Ashenzari
Cheibriados
Dithmenos
Fedhas
Gozag
Hepliaklqana
Kikubaaqudgha
Makhleb
Nemelex Xobeh
Okawaru
Qazlal
Ru
Sif Muna
Trog
Uskayaw
Vehumet
Wu Jian
Xom
Yredelemnul
Jiyva

Shops:
D:8 ![?!:


Innate Abilities, Weirdness & Mutations

Your life essence is reduced to manifest your ancestor. (-10% HP)
You have a pair of large horns on your head.
You are surrounded by a mild repulsion field. (EV +2)
Your demonic aura sometimes causes spilled blood to erupt in flames.
You are mostly covered in sharp spines.
Your hexes are more powerful.
You are robust. (+10% HP)
You passively dampen the noise of your surroundings.


Message History

The swamp dragon tramples Tepiltzin.
Tepiltzin is shoved backwards!
You shoot a bolt.
The bolt barely misses the swamp dragon.
You are engulfed in poison gas.
You are more poisoned.
You feel extremely sick.
The swamp dragon barely misses Tepiltzin.
Tepiltzin blocks the swamp dragon's attack.
The swamp dragon tramples Tepiltzin but does no damage.
Tepiltzin barely misses the swamp dragon.
You shoot a bolt. Tepiltzin avoids your attack.
The bolt hits the swamp dragon!
The swamp dragon is severely wounded.
You are engulfed in poison gas.
You are more poisoned.
You feel extremely sick.
Something closely misses Tepiltzin.
Tepiltzin blocks something's attack.
The swamp dragon bites Tepiltzin but does no damage.
The swamp dragon claws Tepiltzin!
Tepiltzin is destroyed!
You are too injured to fight recklessly!
Fire: i) +5 arbalest (drain)
Press: ? - help, Shift-Dir - straight line, f/p - swamp dragon
Aim: a swamp dragon (severely wounded, 79% to hit)
You shoot a bolt. The bolt hits the swamp dragon!
You drain the swamp dragon.
The swamp dragon is almost dead.
You are engulfed in poison gas.
You are lethally poisoned!
* * * LOW HITPOINT WARNING * * *
You feel extremely sick.
The swamp dragon breathes poison at you.
The blast of poison engulfs you.
You are more poisoned.
* * * LOW HITPOINT WARNING * * *
You hear a roar!
Fire: i) +5 arbalest (drain)
Press: ? - help, Shift-Dir - straight line, f/p - swamp dragon
Aim: a swamp dragon (poison gas, water, almost dead, catching its breath, lightly drained, 79% to hit)
You shoot a bolt. The bolt hits the swamp dragon!!
You kill the swamp dragon!
You die...

♣♣♣...♣♣.~~.♣
♣♣..♣.P♣~~≈♣♣♣
♣♣....P♣.~♣♣†P♣
♣...~..~≈♣♣ †..
♣♣..~≈~~♣≈♣ ♣♣.
♣♣♣.P..♣♣♣..≈†...♣
♣§§☼~~♣♣ ♣♣..≈♣..
♣♣.☼~~♣♣ ♣♣P~≈~~
♣☼@○☼♣♣ ♣♣~≈♣
♣.○☼♣♣ ♣≈♣ ♣P☼○♣
♣♣ ♣..~~~~
♣♣.P.≈D.. ♣♣...≈≈.
♣...~. ♣♣.~♣ ..♣


There were no monsters in sight!

Vanquished Creatures
  A fire dragon (Lair:5)
  Josephine (Lair:5)
  5 hydras
  A two-headed ogre (D:10)
  3 boulder beetles
  An ogre mage (D:10)
  Sonja (Lair:5)
  An orb spider (Lair:3)
  A swamp dragon (Lair:5)
  8 elephants
  2 black mambas
  The ghost of Squincus the Covered, a novice MiFi of Wu Jian (D:6)
  5 cane toads
  3 komodo dragons
  5 rime drakes
  2 trolls
  A queen bee (Lair:2)
  A slime creature (D:10)
  2 tyrant leeches (Lair:3)
  9 dream sheep
  10 blink frogs
  3 wyverns
  19 yaks
  3 basilisks
  5 wraiths (Lair:5)
  5 steam dragons
  Eustachio (D:6)
  Menkaure (D:6)
  An acid dragon (Lair:5)
  An acid dragon (shapeshifter) (D:10)
  2 swamp worms (Lair:3)
  12 water moccasins
  2 swamp drakes (Lair:5)
  5 orc warriors
  2 sky beasts (D:7)
  2 ice beasts (D:6)
  4 ogres
  A centaur (D:7)
  12 wolves
  4 phantoms
  7 kobold brigands
  12 bullfrogs
  2 necrophages
  A gnoll sergeant (D:9)
  A scorpion (D:5)
  10 wights
  14 killer bees
  6 hounds
  3 jellies
  8 orc priests
  2 gnoll boudas
  Terence (D:2)
  6 iguanas
  14 orc wizards
  Natasha (thrice) (D:4)
  3 hell rats (Lair:1)
  12 gnolls
  A river rat (D:4)
  10 adders
  2 shadow imps (D:6)
  2 white imps
  2 ufetubi
  2 worms (D:3)
  4 dart slugs
  27 orcs
  19 ball pythons
  8 bats
  9 endoplasms
  10 giant cockroaches
  10 goblins
  4 hobgoblins
  3 jackals (D:1)
  13 quokkas
  12 frilled lizards
  15 kobolds
  A rat (D:4)
408 creatures vanquished.

Vanquished Creatures (collateral kills)
  A hydra (Lair:2)
  3 black mambas
  An ugly thing (D:10)
  An elephant (Lair:3)
  2 cane toads
  4 komodo dragons
  A hornet (D:10)
  A dream sheep (Lair:3)
  2 blink frogs
  A yak (Lair:5)
  A wyvern (Lair:5)
  A basilisk (D:10)
  A vampire mosquito (D:10)
  A swamp worm (Lair:3)
  An orc warrior (D:9)
  A wolf (Lair:3)
  2 bullfrogs (Lair:1)
  3 wights
  8 killer bees (Lair:2)
  A lava snake (D:9)
  An orc priest (D:9)
  3 orc wizards (D:9)
  A hell rat (Lair:1)
  A gnoll (D:9)
  5 orcs
  4 kobolds (D:10)
52 creatures vanquished.

Vanquished Creatures (others)
  2 ancestors (D:8)
  5 knights
  6 fungi
  29 plants
42 creatures vanquished.

Grand Total: 502 creatures vanquished

Notes
Turn   | Place    | Note
-------+----------+-------------------------------------------
     0 | D:1      | Newt the Demonspawn Gladiator began the quest for the Orb.
     0 | D:1      | Reached XP level 1. HP: 16/16 MP: 1/1
   180 | D:1      | Reached skill level 1 in Stealth
   256 | D:1      | Gained mutation: You have a pair of small horns on your
                  | head. [demonic ancestry]
   256 | D:1      | Reached XP level 2. HP: 15/22 MP: 2/2
   823 | D:2      | Identified a scroll of acquirement
   823 | D:2      | Acquired a +5 arbalest of draining
   887 | D:2      | Found a stormy altar of Qazlal.
  1035 | D:2      | Reached skill level 1 in Ranged Weapons
  1058 | D:2      | Reached XP level 3. HP: 27/27 MP: 3/3
  1303 | D:2      | Noticed Terence
  1305 | D:2      | Killed Terence
  1306 | D:2      | Gained mutation: Your demonic aura sometimes causes spilled
                  | blood to erupt in flames. [demonic ancestry]
  1306 | D:2      | Reached XP level 4. HP: 33/33 MP: 4/4
  1584 | D:3      | Gained mutation: You are partially covered in sharp spines.
                  | [demonic ancestry]
  1584 | D:3      | Reached XP level 5. HP: 17/38 MP: 5/5
  2348 | D:4      | Found a shadowy altar of Dithmenos.
  2409 | D:4      | Noticed Natasha
  2411 | D:4      | Killed Natasha
  2526 | D:4      | Noticed Natasha
  2533 | D:4      | Killed Natasha
  2547 | D:4      | Gained mutation: You have a pair of horns on your head.
                  | [demonic ancestry]
  2547 | D:4      | Reached XP level 6. HP: 44/44 MP: 6/6
  2557 | D:4      | Found a glowing drain.
  2564 | Sewer    | Entered a sewer
  2597 | Sewer    | Reached skill level 5 in Ranged Weapons
  2861 | D:4      | Noticed Natasha
  2869 | D:4      | Killed Natasha
  3126 | D:5      | Entered Level 5 of the Dungeon
  3143 | D:5      | Gained mutation: You have a pair of large horns on your
                  | head. [demonic ancestry]
  3143 | D:5      | Reached XP level 7. HP: 54/54 MP: 7/7
  3367 | D:5      | Reached skill level 1 in Evocations
  3708 | D:5      | Reached XP level 8. HP: 60/60 MP: 8/8
  3790 | D:6      | Noticed Menkaure
  3797 | D:6      | Killed Menkaure
  4392 | D:6      | Found a runed translucent door.
  4392 | D:6      | Noticed Squincus's ghost (novice MiFi)
  4404 | D:6      | Noticed Eustachio
  4410 | D:6      | Killed Eustachio
  4541 | D:6      | Found a staircase to the Ecumenical Temple.
  4550 | D:6      | Reached skill level 1 in Transmutations
  4556 | Temple   | Entered the Ecumenical Temple
  4725 | Temple   | Became a worshipper of Hepliaklqana the Forgotten
  4950 | D:6      | Noticed a troll
  4959 | D:6      | HP: 3/60 [troll (4)]
  4961 | D:6      | Killed a troll
  4962 | D:6      | Gained mutation: You are mostly covered in sharp spines.
                  | [demonic ancestry]
  4962 | D:6      | Reached XP level 9. HP: 4/65 MP: 8/12
  5524 | D:7      | Reached skill level 5 in Fighting
  5596 | D:7      | Reached skill level 5 in Dodging
  5799 | D:7      | Reached * piety under Hepliaklqana
  5975 | D:6      | Killed Squincus's ghost
  5976 | D:6      | Reached skill level 2 in Invocations
  6107 | D:8      | Reached skill level 3 in Invocations
  6107 | D:8      | Reached XP level 10. HP: 68/68 MP: 16/16
  6110 | D:8      | Learned a level 2 spell: Wereblood
  6112 | D:8      | Reached skill level 4 in Invocations
  6161 | D:8      | Found Xainaih's Distillery.
  6178 | D:8      | Reached skill level 5 in Invocations
  6193 | D:8      | Found Mecw's Armour Boutique.
  6201 | D:8      | Bought a +1 cloak of willpower for 247 gold pieces
  6257 | D:8      | Found Iboumem's Distillery.
  6275 | D:8      | Bought a potion of heal wounds for 55 gold pieces
  6287 | D:8      | Found Oschavol's Book Shop.
  6406 | D:8      | Found Sadd's Magic Scroll Emporium.
  6409 | D:8      | Bought a scroll of identify for 28 gold pieces
  6691 | D:9      | Reached ** piety under Hepliaklqana
  6692 | D:9      | Remembered your ancestor Tepiltzin as a knight
  7475 | D:9      | Found a broken altar of Ashenzari.
  7476 | D:9      | Found an ornate altar of the Wu Jian Council.
  7476 | D:9      | Found a blossoming altar of Fedhas.
  7697 | D:10     | Entered Level 10 of the Dungeon
  7983 | D:10     | Found a staircase to the Orcish Mines.
  8069 | D:10     | Noticed an ogre mage
  8074 | D:10     | Killed an ogre mage
  8075 | D:10     | Gained mutation: Your hexes are more powerful. [demonic
                  | ancestry]
  8075 | D:10     | Reached XP level 11. HP: 65/72 MP: 15/17
  8130 | D:10     | Paralysed by a hornet for 2 turns
  8130 | D:10     | Noticed a green ugly thing
  8132 | D:10     | Killed a green ugly thing
  8277 | D:10     | Noticed a two-headed ogre
  8284 | D:10     | Killed a two-headed ogre
  8607 | D:10     | Found a staircase to the Lair.
  8657 | D:10     | Reached *** piety under Hepliaklqana
  8657 | D:10     | Noticed a tengu warrior
  8683 | Lair:1   | Entered Level 1 of the Lair of Beasts
  8694 | Lair:1   | Reached skill level 10 in Ranged Weapons
  8769 | Lair:1   | Reached skill level 5 in Armour
  9191 | Lair:1   | Reached XP level 12. HP: 79/79 MP: 16/18
  9222 | Lair:1   | Noticed a boulder beetle
  9232 | Lair:1   | Killed a boulder beetle
  9233 | Lair:1   | Reached skill level 6 in Invocations
  9269 | Lair:1   | Reached skill level 7 in Invocations
  9274 | Lair:1   | Identified the +9 dagger of the Badger {drain, rCorr Int+4}
  9739 | Lair:2   | Reached skill level 8 in Invocations
  9910 | Lair:2   | Reached **** piety under Hepliaklqana
  9955 | Lair:2   | Noticed a four-headed hydra
  9959 | Lair:2   | Killed a four-headed hydra
  9960 | Lair:2   | Reached skill level 9 in Invocations
  9969 | Lair:2   | Reached skill level 10 in Invocations
  9970 | Lair:2   | Noticed a six-headed hydra
  9976 | Lair:2   | Killed a six-headed hydra
 10037 | Lair:2   | Reached skill level 11 in Invocations
 10508 | Lair:2   | Reached skill level 12 in Invocations
 11183 | Lair:3   | Reached skill level 13 in Invocations
 11188 | Lair:3   | Noticed a seven-headed hydra
 11190 | Lair:3   | Noticed a four-headed hydra
 11192 | Lair:3   | Killed a seven-headed hydra
 11193 | Lair:3   | Killed a four-headed hydra
 11206 | Lair:3   | Found a staircase to the Swamp.
 11262 | Lair:3   | Reached skill level 14 in Invocations
 11430 | Lair:3   | Gained mutation: You are surrounded by a mild repulsion
                  | field. (EV +2) [demonic ancestry]
 11430 | Lair:3   | Reached XP level 13. HP: 81/83 MP: 22/24
 11514 | Lair:3   | Reached skill level 15 in Invocations
 11552 | Lair:3   | Reached ***** piety under Hepliaklqana
 11698 | Lair:3   | Found a hole to the Spider Nest.
 11703 | Lair:3   | Reached skill level 1 in Hexes
 11822 | Lair:4   | Found a viscous altar of Jiyva.
 11822 | Lair:4   | Found a staircase to the Slime Pits.
 12237 | Lair:4   | Reached skill level 5 in Hexes
 12470 | Lair:4   | Gained mutation: You are occasionally teleported next to
                  | monsters. [potion of mutation]
 12470 | Lair:4   | Lost mutation: You are occasionally teleported next to
                  | monsters. [potion of mutation]
 12470 | Lair:4   | Gained mutation: You have sharp toenails. [potion of
                  | mutation]
 12471 | Lair:4   | Lost mutation: You have sharp toenails. [potion of
                  | mutation]
 12471 | Lair:4   | Gained mutation: You passively dampen the noise of your
                  | surroundings. [potion of mutation]
 12471 | Lair:4   | Gained mutation: You are robust. (+10% HP) [potion of
                  | mutation]
 12867 | Lair:5   | Entered Level 5 of the Lair of Beasts
 12867 | Lair:5   | Found a hazy altar of Hepliaklqana.
 12917 | Lair:5   | Learned a level 3 spell: Inner Flame
 13006 | Lair:5   | Reached skill level 1 in Fire Magic
 13043 | Lair:5   | Noticed Josephine
 13047 | Lair:5   | Killed Josephine
 13141 | Lair:5   | Noticed Sonja
 13145 | Lair:5   | Killed Sonja
 13215 | Lair:5   | Reached skill level 5 in Fire Magic
 13381 | Lair:5   | Noticed a fire dragon
 13391 | Lair:5   | Killed a fire dragon
 13426 | Lair:5   | Succumbed to a swamp dragon's blast of poison

Illustrated notes

Levels and vault maps discovered:
D:1:      lemuel_arrival_muddy, layout_basic, serial_corexii_hall,
          corexii_hall_statues_deadend, corexii_hall_statues_t,
          minmay_tree_intersection
D:2:      kennysheep_the_goblin_king, layout_basic, basic_altar, uniq_terence
D:3:      layout_basic, st_stairs_10, nicolae_kite_square_tiling_tiny,
          chequers_decorated_corner
D:4:      layout_basic, nicolae_dithmenos_through_a_glass_darkly,
          portal_sewer_entry_e, uniq_natasha
D:5:      layout_loops_ring
D:6:      cheibrodos_barr_body, layout_loops_ring, minmay_temple_entry_ruins,
          hellmonk_ghost_happy_afterlife, hangedman_abyss_or_decor_passed,
          uniq_menkaure, uniq_eustachio
D:7:      layout_rooms
D:8:      minmay_flawed_box, layout_cave_pools, serial_shops,
          nicolae_shop_trees, nicolae_shop_behind_doors,
          nicolae_shop_statue_plus, shop_statue, shop
D:9:      layout_small_grid, chequers_temple_overflow_statue_of_worship,
          kennysheep_dice
D:10:     layout_roguey, david_lair_shrubbed, david_orc_2,
          minmay_shattered_shrine
Temple:   minmay_crystal_spiral_temple
Lair:1:   layout_roguey
Lair:2:   layout_cave_pods, special_room [special_room_bee],
          serial_bayou_shore_a
Lair:3:   layout_regular_city, palyth_hydra_swamp_entry,
          nicolae_spider_entry_orb_guardian, minmay_hedge_maze,
          grunt_megastairs_1, infiniplex_staircase_pool
Lair:4:   layout_cave_shapes, slime_entry_1
Lair:5:   guppyfry_lair_end_dragon, layout_big_grid, wormcave, basic_altar,
          uniq_josephine, uniq_sonja

Skill      XL: |  1  2  3  4  5  6  7  8  9 10 11 12 13 |
---------------+----------------------------------------+-----
Stealth        | 1 2 4 |  4.0
Ranged Weapons | 1 2 3 4 5 8 10 | 10.2
Fighting       | 4 6 |  6.0
Evocations     | 4 |  4.0
Dodging        | 3 4 6 8 |  8.0
Armour         | 4 8 |  8.0
Transmutations | 4 |  4.0
Spellcasting   | 2 4 |  4.0
Invocations    | 3 5 14 15 | 15.0
Hexes          | 6 |  6.0
Fire Magic     | 6 |  6.0
Short Blades   | |  2.6
Throwing       | |  1.7

Action                   |  1- 3 |  4- 6 |  7- 9 | 10-12 | 13-15 || total
-------------------------+-------+-------+-------+-------+-------++-------
Melee: Rapier            |    33 |       |       |       |       ||    33
       Headbutt          |     3 |       |       |       |       ||     3
       Short sword       |     2 |       |       |       |       ||     2
       Arbalest          |       |       |       |     1 |       ||     1
 Fire: Arbalest          |    39 |   133 |   141 |   412 |   157 ||   882
Throw: Throwing net      |       |       |     1 |       |       ||     1
 Cast: Wereblood         |       |       |       |    25 |     9 ||    34
       Inner Flame       |       |       |       |       |     1 ||     1
Invok: Ancestor Life: Kn |       |       |       |     1 |       ||     1
  Use: Scroll            |     4 |     5 |     6 |     4 |     5 ||    24
       Potion            |       |     1 |     4 |       |     3 ||     8
Armor: Leather armour    |    20 |     9 |     9 |    49 |     6 ||    93
Dodge: Dodged            |    24 |    32 |    40 |   123 |    34 ||   253

Table legend: (Time is in decaauts)
 A = Elapsed time spent in this place.
 B = Non-inter-level travel time spent in this place.
 C = Inter-level travel time spent in this place.
 D = Time resting spent in this place.
 E = Time spent auto-exploring this place.
 F = Levels seen in this place.
 G = Mean time per level.
                   A        B        C        D        E       F      G
               +--------+--------+--------+--------+--------+-----+--------+
         Total |  14039 |  13415 |    624 |   1642 |   9340 |  17 |  825.8 |
       Dungeon |   8562 |   8203 |    359 |   1594 |   5110 |  10 |  856.2 |
        Temple |    217 |    132 |     85 |      0 |    116 |   1 |  217.0 |
          Lair |   4941 |   4761 |    180 |     48 |   3929 |   5 |  988.2 |
         Sewer |    318 |    318 |      0 |      0 |    184 |   1 |  318.0 |
               +--------+--------+--------+--------+--------+-----+--------+

Top non-repeatable levels by time:
     D:6: 1405 daAuts
  Lair:2: 1327 daAuts
     D:9: 1118 daAuts
  Lair:4: 1065 daAuts
    D:10: 1030 daAuts
  Lair:1: 1029 daAuts
     D:5: 1001 daAuts
  Lair:3: 906 daAuts
     D:3: 848 daAuts
     D:1: 803 daAuts
     D:2: 749 daAuts
  Lair:5: 612 daAuts
     D:4: 604 daAuts
     D:8: 552 daAuts
     D:7: 448 daAuts
